 Dungeon Crawl Stone Soup version 0.30.0-19-gbf45117a57 (webtiles) character file.

Game seed: 14768356583476461767

52 qw the Chopper (level 3, -3/23 HPs)
             Began as a Gargoyle Fighter on May 25, 2023.
             Shot with a sling bullet by a goblin (10 damage)
             ... on level 2 of the Dungeon.
             The game lasted 00:00:37 (880 turns).

qw the Chopper (Gargoyle Fighter)                    Turns: 880, Time: 00:00:37

Health: -3/23      AC: 12    Str: 21    XL:     3   Next: 85%
Magic:  3/3        EV:  7    Int:  8    God:
Gold:   122        SH:  4    Dex:  9    Spells: 2/2 levels left

rFire   . . .        Y - +0 war axe
rCold   . . .        c - +0 buckler
rNeg    + . .        f - +0 chain mail
rPois   inf          (no helmet)
rElec   +            (no cloak)
rCorr   .            (no gloves)
SInv    .            (no boots)
Will    .....        (no amulet) Stlth
                     (no ring)
HPRegen 0.23/turn    (no ring)
MPRegen 0.08/turn

%: no passive effects
@: no status effects
A: sickness immunity, AC +3, negative energy resistance 1, electricity
resistance, torment resistance 1, petrification resistance
a: no special abilities


You were on level 2 of the Dungeon.
You visited 1 branch of the dungeon, and saw 2 of its levels.

You collected 122 gold pieces.


Innate Abilities, Weirdness & Mutations

You are immune to sickness and miasma.
Your stone body is resilient. (AC +3)
You are immune to poison.
You resist negative energy. (rN+)
You are resistant to electric shocks. (rElec)
You are resistant to unholy torment.
You are immune to petrification.


   Skills:
 - Level 3.2 Fighting
 + Level 3.6 Axes
 - Level 0.2 Throwing
 - Level 3.2 Armour
 - Level 3.2 Shields


You had 2 spell levels left.
You didn't know any spells.
Your spell library was empty.

Inventory:

Hand Weapons
 k - a +0 mace
 Y - a +0 war axe (weapon)
Armour
 c - a +0 buckler (worn)
 f - a +0 chain mail (worn)
Scrolls
 h - a scroll of identify
Potions
 d - a potion of might
 i - a potion of lignification {unknown}
 l - a potion of attraction {unknown}

Dungeon Overview and Level Annotations

Branches:
Dungeon (2/15)

Altars:


Message History

The goblin shoots a sling bullet.
The sling bullet hits you but does no damage.
You closely miss the adder. The adder bites you but does no damage.
The goblin shoots a sling bullet.
The sling bullet hits you but does no damage.
You closely miss the adder. The adder bites you but does no damage.
You block the adder's attack.
You barely miss the adder. The adder bites you but does no damage.
The adder bites you.
You closely miss the adder. You hit the hobgoblin but do no damage.
The hobgoblin hits you but does no damage.
The adder bites you.
A hobgoblin comes into view.
The adder bites you but does no damage.
The goblin shoots a sling bullet.
You block the sling bullet.
You closely miss the adder. You barely miss the hobgoblin.
The adder bites you but does no damage.
The hobgoblin hits you but does no damage.
The adder bites you but does no damage.
The goblin shoots a sling bullet.
The sling bullet closely misses you.
You closely miss the adder. You hit the hobgoblin.
You kill the hobgoblin!
The adder bites you.
You closely miss the adder. You block the adder's attack.
The goblin shoots a sling bullet.
The sling bullet barely misses you. The adder bites you but does no damage.
You barely miss the adder. You block the adder's attack.
The goblin shoots a sling bullet.
The sling bullet hits you. The adder bites you.
You barely miss the adder. The adder completely misses you.
The goblin shoots a sling bullet.
The sling bullet hits you but does no damage.
You barely miss the adder. You slash the hobgoblin!
You kill the hobgoblin!
You block the adder's attack.
The goblin shoots a sling bullet.
You block the sling bullet. The adder closely misses you.
You slash the adder!
You kill the adder!
The goblin shoots a sling bullet.
The sling bullet hits you!
You die...

########### .#.#...
...##.........# ...#.#.
#..##.........#
.......##..##.........#
#......#..##.........#
#..............>.....#
#.)#g.....#..........##
#.(..%%................
#..@................
##....###...........
#.......########...
#.......# #...
#.......# #...
#.......# #...
#.......# #...
#.......# #<..
#......># ####


You could see a goblin.

Vanquished Creatures
  2 adders (D:2)
  4 endoplasms
  2 giant cockroaches (D:1)
  3 hobgoblins
  5 jackals (D:1)
  4 kobolds
  2 quokkas (D:1)
  A ball python (D:1)
  6 bats (D:1)
  3 goblins (D:1)
  12 rats (D:1)
44 creatures vanquished.

Notes
Turn   | Place    | Note
-------+----------+-------------------------------------------
     0 | D:1      | qw the Gargoyle Fighter began the quest for the Orb.
     0 | D:1      | Reached XP level 1. HP: 14/14 MP: 1/1
     0 | D:1      | 0 ||| qw: Version: 0.2-a-98-g5d7165a
     0 | D:1      | 0 ||| qw: Game counter: 63
     0 | D:1      | 0 ||| qw: Always use a shield: true
     0 | D:1      | 0 ||| qw: God list: Okawaru
     0 | D:1      | 0 ||| qw: Allow faded altars: false
     0 | D:1      | 0 ||| qw: Do Orc after D:15 true
     0 | D:1      | 0 ||| qw: Do second Lair branch before Depths: true
     0 | D:1      | 0 ||| qw: Lair rune preference: random
     0 | D:1      | 0 ||| qw: Plans: Normal, Zot:1-4, God:TSO, Crypt, Tomb,
                  | Pan, Slime:5, Hells, Abyss, Win
     0 | D:1      | 0 ||| PLANNING D:1-11
    38 | D:1      | Reached XP level 2. HP: 19/19 MP: 2/2
   226 | D:1      | Reached skill level 3 in Axes
   243 | D:1      | Reached XP level 3. HP: 23/23 MP: 3/3
   333 | D:1      | 333 ||| DROPPING +0 club.
   687 | D:1      | 687 ||| UPGRADING to +0 chain mail.
   697 | D:1      | 697 ||| DROPPING +0 scale mail.
   698 | D:1      | 698 ||| READING scroll labelled TASEHYG PIXTE.
   799 | D:1      | 799 ||| READING 2 scrolls labelled LIANUMNEPS.
   800 | D:1      | 800 ||| READING scroll labelled JARRAL VAFEEBB.
   801 | D:1      | 801 ||| READING scroll labelled OCASCH YCWIDGH.
   802 | D:1      | 802 ||| DRINKING 4 coppery potions.
   803 | D:1      | 803 ||| DROPPING 3 potions of brilliance.
   880 | D:2      | Shot with a sling bullet by a goblin

Levels and vault maps discovered:
D:1:      dpeg_arrival_stonehenge_8_columns, layout_basic,
          minmay_rat_gold_closets
D:2:      layout_basic, serial_shops, nicolae_shop_waterfront,
          nicolae_shop_tiny_statue_garden, nicolae_shop_peninsula, shop_statue

Skill      XL: |  1  2 |
---------------+-------+-----
Axes           | 2 3 |  3.6
Fighting       | |  3.2
Throwing       | |  0.2
Armour         | |  3.2
Shields        | |  3.2

Action                     || total
---------------------------++-------
  Melee: War axe           ||   110
  Throw: Javelin           ||     3
    Use: Scroll            ||     4
         Potion            ||     1
 Armour: Scale mail        ||    61
         Chain mail        ||    14
  Dodge: Dodged            ||    49
  Block: Buckler           ||    29

Table legend:
 A = Non-vault XP
 B = Vault XP
 C = Vault XP percentage of total XP
 D = Non-vault monster count
 E = Vault monster count
 F = Vault count percentage of total count
                 A         B        C        D         E       F
            +---------+---------+-------+---------+---------+-------
      Total |      78 |      10 |  11.4 |      34 |      10 |  22.7
            +---------+---------+-------+---------+---------+-------
        D:1 |      45 |      10 |  18.2 |      28 |      10 |  26.3
        D:2 |      33 |       0 |   0.0 |       6 |       0 |   0.0
            +---------+---------+-------+---------+---------+-------
